AoeStats
← CoutKeCout

Arena

506845560Analyzed
2v2 RM · 16d ago on Sep 15, 2026· 28m 25s· 4 players
Game mode
Random Map
Map size
Medium (4 player)
Population
200
Speed
Normal
Resources
Standard
Victory
Conquest
Starting age
Dark Age
Ending age
Imperial Age
RankedLock teamsTeams togetherTeam positionsShared explorationLock speedFull tech treeHidden civsTurbo modeCheats
Victory
Defeat
🇨🇱 Britons · Chile
873
+15
🇨🇱 Persians · Chile
826
+17
🇫🇷 Bohemians · France
910
-19
🇨🇱 Poles · Chile
787
-13
La Kobra
10:58 Feudal Age
15:11 Loom
17:51 Castle Age
16:52 Bloodlines
19:13 Wheelbarrow
18:21 Horse Collar
18:28 Double-Bit Axe
22:39 Gold Mining
28:38 Kamandaran
Memobunke
0:33 Loom
10:38 Feudal Age
10:59 Horse Collar
11:12 Double-Bit Axe
18:54 Castle Age
17:32 Fletching
19:53 Heavy Plow
20:45 Bow Saw
21:55 Ballistics
23:46 Forging
26:21 Gold Mining
excequielvii
11:33 Feudal Age
20:27 Castle Age
18:13 Horse Collar
18:21 Double-Bit Axe
19:01 Forging
18:57 Scale Barding Armor
20:57 Loom
20:58 Town Watch
25:45 Iron Casting
25:31 Chain Barding Armor
26:00 Wheelbarrow
25:34 Heavy Plow
26:58 Szlachta Privileges
28:44 Bow Saw
CoutKeCout
3:39 Loom
10:34 Feudal Age
15:16 Castle Age
14:40 Double-Bit Axe
17:09 Bow Saw
Connection lost

Rejoining the realm…

Still unreachable

The connection could not be restored.

Session expired

The server has moved on; the page needs a fresh start.